 Dungeon Crawl Stone Soup version 0.10.4 character file.

124 MisterOstroum the Vexing (level 3, -5/25 HPs)
             Began as a Human Enchanter on Sept 29, 2019.
             Slain by a centaur (6 damage)
             ... on Level 2 of the Dungeon.
             The game lasted 00:05:21 (1586 turns).

MisterOstroum the Vexing (Human Enchanter)          Turns: 1586, Time: 00:05:21

HP  -5/25        AC  9     Str  9      XL: 3   Next: 45%
MP   5/5         EV 13     Int 15      God:
Gold 92          SH  0     Dex 13      Spells:  1 memorised,  3 levels left

Res.Fire  : + + .   See Invis. : .   a - +1 dagger {=f}
Res.Cold  : x . .   Warding    : . . i - +0 fire dragon armour
Life Prot.: . . .   Conserve   : .   (no shield)
Res.Acid. : . . .   Res.Corr.  : .   (no helmet)
Res.Poison: .       Clarity    : .   (no cloak)
Res.Elec. : .       Spirit.Shd : .   (no gloves)
Sust.Abil.: . .     Rnd.Telep. : +   q - +0 pair of orc boots (curse)
Res.Mut.  : .       Ctrl.Telep.: .   (no amulet)
Res.Rott. : .       Levitation : .   l - +5 ring of evasion
Saprovore : . . .   Ctrl.Flight: .   v - cursed ring of teleportation

@: slowed, very slow, not resistant to hostile enchantments, very unstealthy
A: no striking features
a: Evoke Teleportation


You were on level 2 of the Dungeon.
You were not hungry.

You visited 1 branch of the dungeon, and saw 2 of its levels.

You collected 72 gold pieces.

Inventory:

Hand weapons
 a - a +1,+1 dagger (weapon) {=f}
 e - a +0,+0 short sword
 j - a +1,+0 sling
 s - a +0,+0 dagger
Missiles
 d - 6 +1 darts (quivered)
Armour
 b - a +1 robe
 i - a +0 fire dragon armour (worn)
 q - a cursed +0 pair of orcish boots (worn)
Comestibles
 f - a bread ration
 g - an apple
 k - 2 meat rations
 m - 3 sausages
 o - a chunk of rat flesh
 t - a chunk of rat flesh
Jewellery
 l - a +5 ring of evasion (right hand)
 n - an uncursed ring of protection from magic {unknown}
 v - a cursed ring of teleportation (left hand)
Books
 c - a book of Maledictions

   Spells                             Type                      Level
   *Corona                            Hexes                        1
   Sure Blade                         Hexes/Charms                 2
   Ensorcelled Hibernation            Hexes/Ice                    2
   Confuse                            Hexes                        3
   Enslavement                        Hexes                        4
   Invisibility                       Hexes                        6


   Skills:
 * Level 2.9 Fighting
 - Level 1.1 Short Blades
 * Level 1.8 Throwing
 + Level 0.6 Armour
 - Level 2.0 Dodging
 - Level 2.0 Stealth
 - Level 1.1 Stabbing
 - Level 1.0 Spellcasting
 - Level 3.0 Hexes


You had 3 spell levels left.
You knew the following spells:

 Your Spells              Type           Power        Failure   Level  Hunger
a - Corona                Hex            ##......     52%         1    Strawberry

Dungeon Overview and Level Annotations

Branches:
Dungeon (2/27)

Altars:


Message History

You hit the centaur.
The centaur is lightly wounded.
The giant newt bites you but does no damage.
The centaur completely misses you.
You hit the centaur.
The centaur is lightly wounded.
The giant newt misses you.
The centaur hits you but does no damage.
You hit the centaur but do no damage.
The centaur is lightly wounded.
The centaur misses you. The centaur closely misses you.
You barely miss the centaur.
The centaur is lightly wounded.
The giant newt misses you. The centaur barely misses you.
You hit the centaur but do no damage.
The centaur is lightly wounded.
The giant newt closely misses you. The centaur barely misses you.
You hit the centaur but do no damage.
The centaur is lightly wounded.
The giant newt closely misses you.
The centaur hits you but does no damage.
The centaur hits you.
You hit the centaur but do no damage.
The centaur is lightly wounded.
The giant newt bites you but does no damage.
The centaur hits you.
Your fire dragon armour prevents you from hitting the centaur.
The centaur is lightly wounded.
The giant newt barely misses you.
The centaur hits you but does no damage.
You hit the centaur but do no damage.
The centaur is lightly wounded.
The giant newt barely misses you. The centaur misses you.
You hit the centaur.
The centaur is moderately wounded.
The giant newt bites you but does no damage.
The centaur barely misses you. The centaur hits you.
You closely miss the centaur.
The centaur is moderately wounded.
The giant newt completely misses you. The centaur hits you.
You aren't carrying any items that can be evoked.
Unknown command.
You hit the centaur.
The centaur is moderately wounded.
The giant newt closely misses you. The centaur misses you.
The centaur closely misses you.
Drink which item? (? for menu, Esc to quit)
You feel refreshed.
It was a potion of restore abilities.
The giant newt closely misses you. The centaur barely misses you.
Drink which item? (? for menu, Esc to quit)
You feel yourself slow down.
It was a potion of slowing.
The giant newt bites you but does no damage.
The centaur hits you.
* * * LOW HITPOINT WARNING * * *
The centaur hits you.
* * * LOW HITPOINT WARNING * * *
Drink which item? (? for menu, Esc to quit)
You feel better.
It was a potion of curing.
The giant newt barely misses you. The giant newt closely misses you.
The centaur hits you.
* * * LOW HITPOINT WARNING * * *
The centaur hits you but does no damage.
You hit the centaur.
The centaur is heavily wounded.
The giant newt closely misses you. The centaur barely misses you.
The centaur hits you but does no damage.
Your fire dragon armour prevents you from hitting the centaur.
The centaur is heavily wounded.
The giant newt bites you but does no damage.
The giant newt bites you.
* * * LOW HITPOINT WARNING * * *
The centaur closely misses you. The centaur misses you.
You hit the centaur but do no damage.
The centaur is heavily wounded.
The giant newt closely misses you.
The centaur hits you but does no damage.
The centaur closely misses you.
You barely miss the centaur.
The centaur is heavily wounded.
The giant newt bites you but does no damage.
The centaur barely misses you. The centaur hits you.
* * * LOW HITPOINT WARNING * * *
You hit the centaur.
The centaur is heavily wounded.
The giant newt bites you but does no damage.
The centaur barely misses you.
The centaur hits you but does no damage.
The centaur closely misses you.
You hit the centaur but do no damage.
The centaur is heavily wounded.
The giant newt bites you.
* * * LOW HITPOINT WARNING * * *
The centaur hits you but does no damage.
The centaur misses you.
You hit the centaur.
The centaur is heavily wounded.
The giant newt barely misses you. The giant newt bites you.
* * * LOW HITPOINT WARNING * * *
The centaur hits you but does no damage.
The centaur hits you.
You die...

### #.. ####.##
#####...cl####
........@....#
#####.....##..#
#...(.# #.....#
####.## #.# #.#
#.# #.#


You could see a centaur and a giant newt.

Vanquished Creatures
  A giant gecko (D:1)
  An ooze (D:1)
  5 giant cockroaches
  2 goblins
  4 hobgoblins (D:1)
  6 bats
  2 giant newts (D:1)
  5 kobolds (D:1)
  3 rats
29 creatures vanquished.

Vanquished Creatures (others)
  A hobgoblin (D:2)
  2 rats (D:2)
  A toadstool (D:1)
4 creatures vanquished.

Grand Total: 33 creatures vanquished

Notes
Turn   | Place    | Note
--------------------------------------------------------------
     0 | D:1      | MisterOstroum, the Human Enchanter, began the quest for the Orb.
     0 | D:1      | Reached XP level 1. HP: 13/13 MP: 3/3
   229 | D:1      | Reached XP level 2. HP: 17/19 MP: 4/4
   801 | D:1      | Reached XP level 3. HP: 24/24 MP: 5/5
  1561 | D:2      | Noticed a centaur
  1578 | D:2      | HP: 1/25 [centaur (6)]
  1585 | D:2      | HP: 1/25 [giant newt (1)]
  1586 | D:2      | Slain by a centaur
